AoeStats
← geodeta

Oasis

508681838Analyzed
4v4 RM · 9d ago on Sep 23, 2026· 29m 16s· 8 players
Game mode
Random Map
Map size
Large (8 player)
Population
200
Speed
Normal
Resources
Standard
Victory
Conquest
Starting age
Dark Age
Ending age
Imperial Age
RankedLock teamsTeams togetherTeam positionsShared explorationLock speedFull tech treeHidden civsTurbo modeCheats
Victory
Defeat
🇨🇳 Chinese · China
1395
+11
🇩🇪 Danes · Germany
1330
+14
🇯🇵 Franks · Japan
1292
+15
🇨🇳 Ethiopians · China
1284
+15
🇲🇪 Ethiopians · Montenegro
1318
-15
🇲🇪 Danes · Montenegro
1289
-14
🇲🇪 Georgians · Montenegro
1284
-14
🇲🇪 Teutons · Montenegro
1220
-12
Creed
10:24 Feudal Age
14:49 Castle Age
12:55 Horse Collar
13:01 Double-Bit Axe
21:15 Heavy Plow
23:07 Bow Saw
23:28 Stone Mining
29:42 Imperial Age
27:30 Forging
27:20 Scale Mail Armor
27:45 Gold Mining
JieX
5:28 Loom
8:41 Feudal Age
9:17 Double-Bit Axe
11:49 Fletching
16:47 Horse Collar
20:38 Padded Archer Armor
20:50 Gold Mining
25:01 Castle Age
25:01 Crossbowman
25:38 Bodkin Arrow
26:54 Ballistics
claretta's skirt
2:52 Loom
10:05 Feudal Age
10:31 Double-Bit Axe
20:55 Castle Age
21:09 Scale Barding Armor
21:15 Forging
22:07 Husbandry
22:29 Chain Barding Armor
萱你在吗
0:31 Loom
11:03 Feudal Age
13:10 Double-Bit Axe
13:08 Horse Collar
16:25 Fletching
18:53 Forging
21:32 Castle Age
21:27 Padded Archer Armor
21:21 Gold Mining
21:37 Crossbowman
23:17 Bow Saw
23:35 Heavy Plow
24:39 Bodkin Arrow
26:15 Thumb Ring
29:59 Wheelbarrow
29:56 Leather Archer Armor
Emp
7:48 Loom
10:49 Feudal Age
10:51 Man-at-Arms
11:17 Arson
12:47 Forging
12:36 Double-Bit Axe
14:11 Horse Collar
17:46 Fletching
21:41 Castle Age
21:16 Stone Mining
23:08 Bow Saw
23:24 Squires
24:19 Bodkin Arrow
24:32 Gambesons
24:54 Scale Mail Armor
strokac
6:23 Loom
9:19 Feudal Age
9:46 Double-Bit Axe
15:26 Fletching
17:45 Padded Archer Armor
22:57 Castle Age
23:01 Crossbowman
23:54 Bodkin Arrow
24:07 Thumb Ring
26:51 Ballistics
Bager
6:08 Loom
9:39 Feudal Age
11:21 Scale Barding Armor
12:01 Forging
13:48 Bloodlines
23:12 Castle Age
21:17 Horse Collar
22:03 Gold Mining
21:59 Double-Bit Axe
24:16 Chain Barding Armor
24:49 Husbandry
26:31 Iron Casting
geodeta
10:51 Feudal Age
9:08 Loom
15:30 Castle Age
13:29 Horse Collar
14:32 Double-Bit Axe
17:09 Scale Barding Armor
19:54 Forging
23:27 Wheelbarrow
23:26 Gold Mining
25:29 Bloodlines
25:54 Stone Mining
29:04 Stone Shaft Mining
Connection lost

Rejoining the realm…

Still unreachable

The connection could not be restored.

Session expired

The server has moved on; the page needs a fresh start.